 Dungeon Crawl Stone Soup version 0.28-b1-25-g9875b3fc8c (console) character file.

Game seed: 15223545555684434459

11 syban the Digger (level 2, -1/21 HPs)
             Began as a Palentonga Earth Elementalist on Jan 31, 2022.
             Frozen to death by an endoplasm (2 damage)
             ... on level 1 of the Dungeon.
             The game lasted 00:01:25 (411 turns).

syban the Digger (Palentonga Earth Elementalist)     Turns: 411, Time: 00:01:25

Health: -1/21      AC:  4    Str: 11    XL:     2   Next: 17%
Magic:  0/5        EV: 10    Int: 15    God:
Gold:   12         SH:  0    Dex: 10    Spells: 4/5 levels left

rFire   . . .      SeeInvis +   a - +0 dagger
rCold   . . .      Faith    .   (no shield)
rNeg    . . .      Spirit   .   b - +0 robe
rPois   .          Reflect  .   (no helmet)
rElec   .          Harm     .   (no cloak)
rCorr   .          Rampage  .   (no gloves)
Will    .....                   (no barding)
Stlth   +.........              (no amulet)
HPRegen 0.07/turn               (no ring)
MPRegen 0.09/turn               (no ring)

@: very slightly contaminated
A: large, rugged brown scales 3, see invisible, deformed body, roll 1, armoured
tail
a: Rolling Charge


You were on level 1 of the Dungeon.
You visited 1 branch of the dungeon, and saw 1 of its levels.

You collected 12 gold pieces.

Inventory:

Hand Weapons
 a - a +0 dagger (weapon)
Missiles
 c - 19 stones
Armour
 b - a +0 robe (worn)


   Skills:
 * Level 0.5 Fighting
 * Level 0.3 Armour
 * Level 1.8 Dodging
 - Level 1.2 Stealth
 - Level 2.0 Spellcasting
 - Level 1.0 Transmutations
 + Level 2.9 Earth Magic


You had 4 spell levels left.
You knew the following spells:

 Your Spells              Type           Power      Damage    Failure   Level
a - Sandblast             Erth           20%        2d7       7%          1

Your spell library contained the following spells:

 Spells                   Type           Power      Damage    Failure   Level
 Passwall                 Tmut/Erth      5%         N/A       14%         2
 Stone Arrow              Conj/Erth      10%        3d7       36%         3
 Petrify                  Tmut/Erth      7%         N/A       67%         4


Dungeon Overview and Level Annotations

Branches:
Dungeon (1/15)

Altars:

Shops:
D:1 (


Innate Abilities, Weirdness & Mutations

You are completely covered in rugged brown scales. (AC +3, +7% HP)
You have supernaturally acute eyesight. (SInv)
Armour fits poorly on your strangely shaped body.
You can roll at nearby foes to attack.
You have a long armoured tail.


Message History

The jackal is almost dead.
The giant cockroach closely misses you. The jackal barely misses you.
Unknown command.
You completely miss the jackal.
The jackal is almost dead.
The jackal bites you but does no damage.
The giant cockroach barely misses you.
Unknown command.
You hit the jackal.
You kill the jackal!
The giant cockroach barely misses you.
The giant cockroach bites you but does no damage.
Unknown command.
You barely miss the endoplasm. The endoplasm hits you.
* * * LOW HITPOINT WARNING * * *
The giant cockroach bites you but does no damage.
Unknown command.
You hit the endoplasm. You tail-slap the endoplasm.
The endoplasm is severely wounded.
The endoplasm completely misses you. The giant cockroach barely misses you.
Unknown command.
You barely miss the endoplasm.
The endoplasm is severely wounded.
The giant cockroach barely misses you. The endoplasm freezes you.
You are frozen.
* * * LOW HITPOINT WARNING * * *
Unknown command.
Casting: Sandblast (safe; 7% risk of failure)
Confirm with . or Enter, or press ? or * to list all spells.
Aiming: Sandblast (safe; 7% risk of failure)
Press: ? - help, Shift-Dir - straight line, f - endoplasm
Aim: an endoplasm (severely wounded, 98% to hit)
You miscast Sandblast.
You are very lightly contaminated with residual magic.
Nothing appears to happen.
The giant cockroach bites you but does no damage.
The endoplasm freezes you.
You are frozen.
You die...

#......# #...... #.....
#.... ... .. #.#
....#####†# ......J.#.#
#@#.####### #B#...#...####
#########S###.#......##
.....S........#..P....####
............_.....∩...†...
.........#######.PPP.#####
.........# #.....# #
.........# ###..#.. .
.........# ##.#.....


You could see an endoplasm, a giant cockroach and a ball python.

Vanquished Creatures
  A ball python (D:1)
  A giant cockroach (D:1)
  A hobgoblin (D:1)
  4 jackals (D:1)
  A kobold (D:1)
  A frilled lizard (D:1)
9 creatures vanquished.

Notes
Turn   | Place    | Note
-------+----------+-------------------------------------------
     0 | D:1      | syban the Palentonga Earth Elementalist began the quest for
                  | the Orb.
     0 | D:1      | Reached XP level 1. HP: 13/13 MP: 3/3
    34 | D:1      | Found Xeyxudyu's Antique Weapon Emporium.
    42 | D:1      | Found a faded altar of an unknown god.
   390 | D:1      | Reached XP level 2. HP: 7/21 MP: 0/5
   410 | D:1      | HP: 1/21 [frozen (1)]
   411 | D:1      | Frozen to death by an endoplasm

Illustrated notes

Levels and vault maps discovered:
D:1:      tarquinn_simple_flora_water_e, layout_basic, basic_ecumenical_altar,
          serial_shops, shop_statue, nicolae_shop_overgrown_old_shop, shop

Action                   || total
-------------------------++-------
Melee: Dagger            ||    35
       Unarmed           ||    10
       Tailslap          ||     5
 Cast: Sandblast         ||    11
Armor: Robe              ||    43
Dodge: Dodged            ||    48
